 Dungeon Crawl Stone Soup version 0.21.0 (webtiles) character file.

129 tidbits the Charmwright (level 5, -1/39 HPs)
             Began as a Barachi Skald on Jan 6, 2018.
             Was a Follower of Cheibriados.
             Slain by a worker ant (2 damage)
             ... on level 5 of the Dungeon.
             The game lasted 00:12:23 (1236 turns).

tidbits the Charmwright (Barachi Skald)             Turns: 1236, Time: 00:12:24

Health: -1/39      AC:  4    Str: 14    XL:     5   Next: 12%
Magic:  8/10       EV: 11    Int: 16    God:    Cheibriados [*.....]
Gold:   89         SH:  0    Dex: 14    Spells: 0/11 levels left

rFire    . . .     SeeInvis .   a - +0 falchion
rCold    . . .     Gourm    .   (no shield)
rNeg     . . .     Faith    .   b - +0 leather armour
rPois    .         Spirit   .   E - +0 helmet
rElec    .         Reflect  .   (no cloak)
rCorr    .         Harm     .   (no gloves)
MR       .....                  (no boots)
Stlth    +.........             (no amulet)
HPRegen  0.13/turn              (no ring)
MPRegen  0.12/turn              (no ring)

@: singing, heavily drained, very slow
A: +LOS, swims, slowness 1, strong legs 1
a: Hop, Bend Time, Renounce Religion


You were on level 5 of the Dungeon.
You worshipped Cheibriados.
Cheibriados was aware of your devotion.
You were not hungry.

You visited 1 branch of the dungeon, and saw 5 of its levels.

You collected 89 gold pieces.

Inventory:

Hand Weapons
 a - a +0 falchion (weapon)
 g - a +0 dagger
 h - a +0 short sword
 i - a +1 spear of piercing
   (You found it on level 1 of the Dungeon)
 l - a +0 club
 m - a cursed +0 hunting sling
 s - a +0 hunting sling
Missiles
 e - 18 arrows
 n - 47 stones
 t - a javelin (quivered)
Armour
 b - a +0 leather armour (worn)
 p - a +0 ring mail
 E - a +0 helmet (worn)
Scrolls
 j - a scroll of immolation
 k - 2 scrolls of teleportation
 o - a scroll of amnesia
 r - a scroll of identify
 u - a scroll of noise {unknown}
Potions
 q - a potion of flight
Books
 c - a book of Battle

   Spells                             Type                      Level
   a - Infusion                       Charms                       1
   b - Shroud of Golubria             Charms/Translocation         2
   c - Song of Slaying                Charms                       2
   d - Spectral Weapon                Hexes/Charms                 3
   e - Regeneration                   Charms/Necromancy            3
Comestibles
 d - 4 rations


   Skills:
 + Level 2.7(0.8) Fighting
 * Level 3.0(1.1) Long Blades
 - Level 1.2(0.0) Armour
 + Level 2.5(0.5) Dodging
 - Level 3.5(1.5) Spellcasting
 - Level 4.7(2.7) Charms


You couldn't memorise any spells.
You knew the following spells:

 Your Spells              Type           Power        Failure   Level  Hunger
g - Shroud of Golubria    Chrm/Tloc      #.........   24%         2    ###....
i - Infusion              Chrm           ##..         9%          1    ##.....
r - Regeneration          Chrm/Necr      #.........   43%         3    ####...
w - Spectral Weapon       Hex/Chrm       #.......     43%         3    ####...
y - Song of Slaying       Chrm           ##......     14%         2    ###....


Dungeon Overview and Level Annotations

Branches:
Dungeon (5/15)
 Temple: D:4-7

Altars:
Cheibriados
Kikubaaqudgha
Sif Muna

Annotations:
D:3 Natasha
D:5 Edmund


Innate Abilities, Weirdness & Mutations

Shadows flee at your approach. (+LOS)
You can swim through water.
You cover ground slowly.
You can hop short distances.


Message History

The worker ant bites you.
You are poisoned.
The worker ant poisons you!
Unknown command.
It was a potion of ambrosia.
You are confused.
You feel invigorated.
You feel sick. The worker ant closely misses you.
Edmund hits you with a flail of draining.
You feel drained.
You miss the worker ant.
You feel sick.
Your spectral weapon hits the worker ant!
The worker ant closely misses you. The hound bites you but does no damage.
Edmund hits you with a flail of draining.
You feel drained.
You hit the worker ant.
The worker ant is heavily wounded.
Your shroud begins to fray at the edges.
Your spectral weapon barely misses the worker ant.
Your shroud bends the hound's attack away.
Your shroud bends the worker ant's attack away.
The hound bites you but does no damage. The worker ant barely misses you.
Edmund hits you but does no damage.
You feel drained.
You bump into the rock wall.
Your shroud bends the hound's attack away.
Your shroud bends the worker ant's attack away.
The hound bites you.
Your shroud falls apart!
You closely miss the worker ant.
The worker ant is heavily wounded.
You feel sick.
Your spectral weapon hits the worker ant but does no damage.
Edmund hits you with a flail of draining.
You feel drained. The worker ant barely misses you. The hound bites you.
The worker ant completely misses you.
You hit the worker ant but do no damage.
The worker ant is heavily wounded.
Your spectral weapon hits the worker ant.
The hound bites you.
Edmund says, "People think my brother is the best.
I think he's crazy."
Edmund hits you with a flail of draining.
You feel drained. The hound bites you but does no damage.
The worker ant bites you.
You are more poisoned.
The worker ant poisons you!
You feel sick. The worker ant closely misses you. The hound closely misses you.
The worker ant barely misses you.
You feel sick. The hound bites you. The hound bites you but does no damage.
The worker ant barely misses you.
Edmund barely misses your spectral weapon.
The hound bites you. The worker ant misses you.
You bump into the rock wall.
You feel less invigorated.
You feel less confused.
You feel sick. The hound bites you but does no damage.
The worker ant barely misses you.
Okay, then.
You hit the worker ant.
The worker ant is almost dead.
You feel sick.
Your spectral weapon fades away.
The hound bites you. The worker ant closely misses you.
You riposte.
You barely miss the worker ant.
The worker ant is almost dead.
The hound bites you but does no damage.
Unknown command.
You aren't carrying any items that you can evoke.
Unknown command.
Casting: Shroud of Golubria
Confirm with . or Enter, or press ? or * to list all spells.
You draw out your weapon's spirit!
The hound bites you. Edmund misses you. The worker ant closely misses you.
The hound bites you.
Unknown command.
You hit the worker ant but do no damage.
The worker ant is almost dead.
You feel sick.
Your spectral weapon hits the worker ant but does no damage.
The worker ant bites you. The hound bites you.
Edmund hits you with a flail of draining.
* * * LOW HITPOINT WARNING * * *
You feel drained. The worker ant bites you.
* * * LOW HITPOINT WARNING * * *
The hound bites you.
* * * LOW HITPOINT WARNING * * *
You hit the worker ant.
The worker ant is almost dead.
You feel sick.
Your spectral weapon completely misses the worker ant.
Edmund hits you but does no damage.
You feel drained. The worker ant bites you.
* * * LOW HITPOINT WARNING * * *
The hound barely misses you. The worker ant bites you.
* * * LOW HITPOINT WARNING * * *
You are lethally poisoned!
The worker ant poisons you!
You feel better. The hound bites you.
* * * LOW HITPOINT WARNING * * *
Edmund hits you with a flail of draining!
* * * LOW HITPOINT WARNING * * *
You feel drained.
* * * LOW HITPOINT WARNING * * *
The hound completely misses you. The worker ant bites you.
You die...

... ....> ... .#..
.$ ..# ... ...
..##..
...#####....#
..........[.# .#.#
.....%..#.(.##....#
........#ha@(!.....
..........@.#.....
..........### ..
########.##
.........####
########....#
#.##....... #.#
##.#.. ###.####..#
#...<....#


You could see Edmund, a hound, a worker ant and a friendly spectral falchion.

Vanquished Creatures
  An orc wizard (D:4)
  A worker ant (D:4)
  Robin (D:4)
  An adder (D:4)
  A worm (D:4)
  A leopard gecko (D:2)
  2 orcs
  8 bats
  2 giant cockroaches (D:1)
  8 hobgoblins
  4 jackals
  3 kobolds
  A ball python skeleton (D:4)
  2 frilled lizards
  13 goblins
  A rat (D:2)
50 creatures vanquished.

Notes
Turn   | Place    | Note
-------+----------+-------------------------------------------
     0 | D:1      | tidbits the Barachi Skald began the quest for the Orb.
     0 | D:1      | Reached XP level 1. HP: 17/17 MP: 3/3
    72 | D:1      | Reached XP level 2. HP: 8/23 MP: 0/5
    74 | D:1      | Reached skill level 3 in Spellcasting
    78 | D:1      | Learned a level 2 spell: Song of Slaying
    86 | D:1      | Learned a level 2 spell: Shroud of Golubria
   409 | D:2      | Reached XP level 3. HP: 23/28 MP: 5/8
   414 | D:2      | Learned a level 3 spell: Regeneration
   431 | D:2      | Found a snail-covered altar of Cheibriados.
   446 | D:2      | Became a worshipper of Cheibriados the Contemplative
   667 | D:4      | Noticed Robin
   722 | D:3      | Reached * piety under Cheibriados
   794 | D:4      | Killed Robin
   794 | D:4      | Reached skill level 4 in Charms
   798 | D:4      | Reached XP level 4. HP: 31/34 MP: 0/9
   898 | D:3      | Noticed Natasha
  1116 | D:4      | Found a deep blue altar of Sif Muna.
  1151 | D:4      | Reached skill level 3 in Long Blades
  1151 | D:4      | Reached XP level 5. HP: 35/39 MP: 2/10
  1157 | D:4      | Learned a level 3 spell: Spectral Weapon
  1182 | D:4      | Found an ancient bone altar of Kikubaaqudgha.
  1202 | D:5      | Entered Level 5 of the Dungeon
  1219 | D:5      | Noticed Edmund
  1236 | D:5      | HP: 3/39 [Edmund/flail of draining (9)]
  1236 | D:5      | HP: 1/39 [Edmund/flail of draining (2)]
  1236 | D:5      | Slain by a worker ant

Skill      XL: |  1  2  3  4 |
---------------+-------------+-----
Spellcasting   | 3 |  3.5
Charms         | 4 |  4.7
Long Blades    | 3 |  3.0
Fighting       | |  2.7
Armour         | |  1.2
Dodging        | |  2.5

Action                   |  1- 3 |  4- 6 || total
-------------------------+-------+-------++-------
Melee: Falchion          |   101 |    44 ||   145
       Unarmed           |       |     1 ||     1
Throw: Javelin           |       |     3 ||     3
       Stone             |       |     2 ||     2
 Cast: Infusion          |    18 |     3 ||    21
       Shroud of Golubri |     2 |     2 ||     4
       Regeneration      |     1 |     2 ||     3
       Song of Slaying   |     1 |     2 ||     3
       Spectral Weapon   |       |     3 ||     3
Invok: Bend Time         |     1 |     3 ||     4
  Use: Potion            |     1 |     4 ||     5
       Scroll            |       |     6 ||     6
  Eat: Chunk             |     1 |     2 ||     3
Armor: Leather armour    |    36 |    17 ||    53
       Skin              |       |     1 ||     1
Dodge: Dodged            |    95 |    46 ||   141
       Rpst.: Falchion   |    26 |     9 ||    35

Table legend:
 A = Turns spent in this place as a percentage of turns spent in the entire game.
 B = Non-inter-level travel turns spent in this place as a percentage of non-inter-level travel turns spent in the entire game.
 C = Inter-level travel turns spent in this place as a percentage of turns spent in this place.
 D = Turns resting spent in this place as a percentage of non-inter-level travel turns spent in this place.
 E = Turns spent auto-exploring this place as a percentage of non-inter-level travel turns spent in this place.
 F = Non-inter-level travel turns spent in this place divided by the number of levels of this place that you've seen.
                   A       B       C       D       E      F
               +-------+-------+-------+-------+-------+----------------------
         Total | 100.0 | 100.0 |   0.0 |   0.0 |   0.2 | 247.2
       Dungeon | 100.0 | 100.0 |   0.0 |   0.0 |   0.2 | 247.2
               +-------+-------+-------+-------+-------+----------------------

Table legend:
 A = Kills in this place as a percentage of kills in entire the game.
 B = Kills by you in this place as a percentage of kills by you in the entire game.
 C = Kills by friends in this place as a percentage of kills by friends in the entire game.
 D = Other kills in this place as a percentage of other kills in the entire game.
 E = Experience gained in this place as a percentage of experience gained in the entire game.
 F = Experience gained in this place divided by the number of levels of this place that you have seen.
                   A       B       C       D       E      F
               +-------+-------+-------+-------+-------+----------------------
         Total | 100.0 | 100.0 |   N/A |   N/A | 100.0 |  37.0
       Dungeon | 100.0 | 100.0 |   N/A |   N/A | 100.0 |  37.0
               +-------+-------+-------+-------+-------+----------------------

Vault maps used:
D:1:      co_arrival_two_rings
D:2:      cheibriados_altar_1, hex_large, uniq_crazy_yiuf_cottage
D:3:      nicolae_dithmenos_through_a_glass_darkly, first_ration, uniq_ijyb,
          uniq_natasha
D:4:      marbit_many_paths, cheibrodos_sewer_entry_sluice,
          hangedman_abyss_or_decor_lesser_grid, led_sif_pool, uniq_robin,
          uniq_duvessa
D:5:      grunt_temple_overflow_order_and_chaos_2, st_stairs_10,
          nicolae_ru_awakened_eye, uniq_edmund
